[Event "Early-Titled-Tuesday-Blitz-March-12-2024"]
[Site "Chess.com"]
[Date "2024.03.12"]
[Round "2"]
[White "PepeCuenca"]
[Black "AnishOnYoutube"]
[Result "0-1"]
[WhiteElo "2702"]
[BlackElo "3055"]
[TimeControl "180+1"]
[EndTime "8:18:04 PDT"]
[Termination "AnishOnYoutube won on time"]

1. d4 Nf6 2. Bf4 g6 3. Nc3 d5 4. e3 Bg7 5. h4 h5 6. Nf3 O-O 7. Nb5 Na6 8. Be2 Ne4 9. Ng5 c6 10. Nxe4 dxe4 11. Nc3 c5 12. Nb5 Bd7 13. a4 cxd4 14.
exd4 Nb4 15. c3 Nd5 16. Bg5 a6 17. Na3 Re8 18. O-O Qc7 19. Nc4 b5 20. axb5 axb5 21. Ne3 Rxa1 22. Qxa1 Nf4 23. Bxf4 Qxf4 24. Qa7 Qd6 25.
Qb7 Bc6 26. Qb6 Rb8 27. Qc5 Qxc5 28. dxc5 b4 29. Rc1 bxc3 30. bxc3 e6 31. Nc4 Rc8 32. Na5 Ba8 33. c6 Bxc6 34. Nxc6 Rxc6 35. c4 Bd4 36. Rc2 e5 37. g3 f5 38. Kg2 Kg7 39. Ra2 Rb6 40. Rc2 Bc5 41. Ra2 Rb1 42. Rc2 Kf6 43.
Ra2 f4 44. Ra6+ Kf7 45. gxf4 exf4 46. f3 Rb2 47. Kf1 exf3 48. Bxf3 Rf2+ 49. Ke1 Rxf3 0-1

[Event "Early-Titled-Tuesday-Blitz-March-12-2024"]
[Site "Chess.com"]
[Date "2024.03.12"]
[Round "2"]
[White "Fandorine"]
[Black "luckyswitchback"]
[Result "0-1"]
[WhiteElo "2955"]
[BlackElo "2676"]
[TimeControl "180+1"]
[EndTime "8:18:04 PDT"]
[Termination "luckyswitchback won by resignation"]

1. d4 d5 2. c4 e6 3. Nc3 c6 4.
Qd3 Nf6 5. Nf3 dxc4 6. Qxc4 b5 7. Qd3 Bb7 8. e4 a6 9. e5 Nd5 10. Bg5 Qa5 11. Be2 Nd7 12. O-O c5 13. a4 c4 14.
Qc2 Qb6 15. axb5 axb5 16. Rxa8+ Bxa8 17. b3 h6 18. Bd2 Be7 19. bxc4 bxc4 20. Bxc4 Nxc3 21.
Qxc3 O-O 22. Qb3 Bxf3 23. gxf3 Qxd4 24. Be3 Qxe5 25. Qb7 Qd6 26. Be2 Nf6 27. Rd1 Nd5 28. Bc4 Rd8 29. Kh1 Bf6 30. f4 Rb8 31. Qa7 Rc8 32.
Qa2 Rd8 33. Bf1 Qc6 34. Bg2 Qd7 35. f5 Qe8 36. fxe6 fxe6 37. Bc5 Qf7 38. Re1 Nf4 39. Bf3 Nd3 40. Qa5 Nxe1 41. Qxe1 Rc8 42. Be3 Bg5 43. Kg2 Bxe3 44. Qxe3 Rf8 45. Kh3 Qxf3+ 0-1

[Event "Early-Titled-Tuesday-Blitz-March-12-2024"]
[Site "Chess.com"]
[Date "2024.03.12"]
[Round "2"]
[White "effefe"]
[Black "JiaHaoxiang"]
[Result "1-0"]
[WhiteElo "2409"]
[BlackElo "2630"]
[TimeControl "180+1"]
[EndTime "8:18:04 PDT"]
[Termination "effefe won by checkmate"]

1. d4 Nf6 2. c4 c5 3. d5 b5 4.
cxb5 a6 5. bxa6 g6 6. Nc3 Bxa6 7.
e4 Bxf1 8. Kxf1 d6 9. Nf3 Bg7 10. g3 O-O 11. Kg2 Nbd7 12. a4 Qa5 13. Qc2 Rfb8 14. Ra3 Ne8 15. Nb5 Nc7 16. Nxc7 Qxc7 17. Nd2 Rb4 18. Nc4 Nb6 19. Nxb6 Qxb6 20. b3 Rb8 21. a5 Qb5 22. a6 Ra8 23. Bd2 Rd4 24. Bc3 Rd3 25. Bxg7 Kxg7 26. a7 Qb4 27. Qxd3 Qxa3 28.
Qc3+ f6 29. Ra1 Qb4 30. Qxb4 cxb4 31. Kf3 Kf7 32. Ke3 Ke8 33. Kd4 Kd7 34. Kc4 Kc7 35.
Kxb4 Kb7 36. Kb5 h5 37. b4 g5 38. f4 g4 39. e5 fxe5 40. fxe5 dxe5 41. Re1 Rxa7 42.
Rxe5 Kc8 43. Rxh5 Ra2 44. Kb6 Rc2 45. b5 Kd7 46. Kb7 Rb2 47. b6 Rb4 48. Ka7 Ra4+ 49. Kb8 Rb4 50. b7 Rb2 51. Rh6 Ra2 52. Rg6 Ra4 53.
Rc6 Kd8 54. Rb6 Kd7 55. Rg6 Kd8 56. d6 e5 57. Re6 Ra5 58. Rg6 Kd7 59. Rxg4 Ra2 60.
Rg6 e4 61. Rg4 e3 62. Re4 e2 63. h4 Kxd6 64. h5 Ra5 65. g4 Re5 66. Rxe2 Rxe2 67. h6 Ke7 68. h7 Rh2 69. Ka8 Ra2+ 70. Kb8 Rh2 71. Kc7 Rxh7 72. b8=Q Kf6+ 73. Kd6 Kg5 74. Qg8+ Kh6 75. g5+ Kh5 76. Qxh7+ Kg4 77. Qf7 Kxg5 78. Ke5 Kh6 79. Qg8 Kh5 80. Kf4 Kh6 81. Kf5 Kh5 82.
Qg5# 1-0

[Event "Early-Titled-Tuesday-Blitz-March-12-2024"]
[Site "Chess.com"]
[Date "2024.03.12"]
[Round "2"]
[White "KnobbedHornbill"]
[Black "Akhayan"]
[Result "1/2-1/2"]
[WhiteElo "2544"]
[BlackElo "2318"]
[TimeControl "180+1"]
[EndTime "8:18:04 PDT"]
[Termination "Game drawn by repetition"]

1. d4 f5 2. c4 Nf6 3. Nf3 e6 4. e3 c6 5. Bd3 d5 6. O-O Bd6 7. b3 O-O 8. Ba3 Bxa3 9. Nxa3 Ne4 10. b4 Bd7 11. b5 Be8 12. Ne5 Nd7 13. bxc6 Nxe5 14.
cxb7 Rb8 15. dxe5 Rxb7 16. cxd5 exd5 17. Nc2 Ba4 18. Bxe4 fxe4 19. Rb1 Rc7 20. Rb2 Qd7 21. Qd2 Bb5 22. Rd1 Bd3 23. Nb4 Bc4 24. Nxd5 Bxd5 25. Qa5 Qf7 26. Rbd2 Be6 27. h3 Rd7 28. Qa4 Rxd2 29.
Rxd2 Bf5 30. Qd4 h6 31. a4 Kh7 32. a5 a6 33. Qb6 Qe6 34. Qc5 Re8 35. Rd6 Qxe5 36.
Qxe5 Rxe5 37. Rxa6 Be6 38. Ra7 Bc4 39. g4 Bd3 40.
Kg2 Kg6 41. Kg3 Rb5 42. h4 Rb1 43. h5+ Kf6 44. f3 exf3 45. Kxf3 Ra1 46. Rd7 Bb5 47. Rd6+ Ke5 48. Rg6 Rxa5 49. Rxg7 Bc6+ 50. Kg3 Be4 51. Re7+ Kd5 52. Re8 Ra1 53. Rd8+ Ke5 54. Re8+ Kd5 55.
Rd8+ Ke5 56. Re8+ Kd5 1/2-1/2

[Event "Early-Titled-Tuesday-Blitz-March-12-2024"]
[Site "Chess.com"]
[Date "2024.03.12"]
[Round "2"]
[White "jraosam"]
[Black "Rosh1610"]
[Result "0-1"]
[WhiteElo "1977"]
[BlackElo "2473"]
[TimeControl "180+1"]
[EndTime "8:18:04 PDT"]
[Termination "Rosh1610 won on time"]

1. Nf3 d5 2. c4 d4 3. e3 c5 4. b4 dxe3 5. fxe3 cxb4 6. d4 e6 7. Bd3 Nc6 8. O-O Be7 9. Nbd2 Nf6 10. Bb2 O-O 11. e4 Ng4 12. Qe2 Nf6 13. e5 Nh5 14.
Be4 Nf4 15. Qe3 Ng6 16. d5 exd5 17. cxd5 Na5 18. d6 Bxd6 19. exd6 Qxd6 20. Rad1 Qb6 21. Bd4 Qc7 22. Rc1 Qf4 23. Bxg6 Qxe3+ 24. Bxe3 hxg6 25. Bc5 Rd8 26. Bxb4 Nc6 27. Bc3 Be6 28. Nb3 Rac8 29. Rfd1 Rxd1+ 30. Rxd1 Ne7 31. Bd4 Nd5 32. Rc1 Rd8 33. Ng5 Nf4 34. Kf1 Bd5 35. Bxa7 Bxg2+ 36. Kg1 Bd5 37. Rd1 f6 38. Nf3 Nh3+ 0-1

[Event "Early-Titled-Tuesday-Blitz-March-12-2024"]
[Site "Chess.com"]
[Date "2024.03.12"]
[Round "2"]
[White "kpio91"]
[Black "volodja49"]
[Result "0-1"]
[WhiteElo "2867"]
[BlackElo "2608"]
[TimeControl "180+1"]
[EndTime "8:18:05 PDT"]
[Termination "volodja49 won by resignation"]

1. c4 e6 2. Nf3 d5 3. e3 Nf6 4. Nc3 Be7 5. b3 O-O 6. Bb2 c5 7. cxd5 Nxd5 8. Qc2 Nc6 9. h4 Nxc3 10. Bxc3 Bf6 11. Ng5 g6 12. f4 Nb4 13. Qb2 Bxc3 14. Qxc3 Nd5 15. Qb2 b6 16. Bc4 Bb7 17. h5 Qf6 18.
O-O-O Qxb2+ 19. Kxb2 Nf6 20. hxg6 hxg6 21. Rhg1 Ne4 22.
Nxe4 Bxe4 23. d4 Rfd8 24. dxc5 bxc5 25. g3 Kf8 26. Kc3 a5 27. a4 Ke7 28. Bb5 Bd5 29.
Rge1 f5 30. Bd3 Kf6 31. Bc2 Rab8 32. Rg1 Rdc8 33. Rb1 Rb4 34. g4 c4 35. Kd2 cxb3 36.
Bd3 Rxa4 37. Rb2 Ra2 38. Rxa2 bxa2 39. g5+ Ke7 40. Ra1 Rb8 41. Kc3 a4 42. Bc2 a3 43.
Kd4 Kd6 44. Bd3 Rb2 45. Kc3 Kc5 46. Bc2 Kd6 47. Bd3 e5 48. Rc1 Rb1 49. Rxb1 axb1=Q 50. Bxb1 a2 0-1

[Event "Early-Titled-Tuesday-Blitz-March-12-2024"]
[Site "Chess.com"]
[Date "2024.03.12"]
[Round "2"]
[White "TanitoluwaAps116"]
[Black "el008"]
[Result "1-0"]
[WhiteElo "2836"]
[BlackElo "2527"]
[TimeControl "180+1"]
[EndTime "8:18:05 PDT"]
[Termination "TanitoluwaAps116 won by resignation"]

1. e4 c5 2. Nf3 d6 3. Bb5+ Bd7 4.
Bxd7+ Nxd7 5. O-O Ngf6 6. Qe2 e6 7. b3 Be7 8. Bb2 O-O 9. c4 Re8 10. Nc3 Ne5 11. Ne1 Nc6 12. Nc2 Nd7 13. f4 Bf6 14. Rae1 Nd4 15. Qd3 a6 16. g4 Nxc2 17.
Qxc2 Bd4+ 18. Kg2 Qh4 19. Qd1 g5 20. Re3 gxf4 21. Rh3 Qg5 22. Rh5 Qg6 23. Rxf4 Nf6 24. Rh3 Be5 25. Rff3 Nxe4 26. Nxe4 Qxe4 27. d3 Qg6 28.
Bxe5 dxe5 29. Qe2 f6 30. g5 fxg5 31. Qxe5 g4 32. Rhg3 gxf3+ 33. Kf2 Rad8 34. Rxg6+ hxg6 35. Qe4 Kg7 36. Kxf3 Re7 37. Qe5+ Kf7 38. Qxc5 Rxd3+ 39. Ke4 Rh3 40. Qe5 Rh4+ 41. Ke3 Rh5 42. Qf4+ Rf5 43.
Qh6 Re5+ 44. Kd4 Rh5 45. Qf4+ Kg7 46. Qd6 Kf8 47. a4 Rh4+ 48. Kc3 e5 49. Qf6+ Ke8 50. Qxh4 1-0

[Event "Early-Titled-Tuesday-Blitz-March-12-2024"]
[Site "Chess.com"]
[Date "2024.03.12"]
[Round "2"]
[White "vovachesss"]
[Black "Mr_ruthless"]
[Result "1-0"]
[WhiteElo "2790"]
[BlackElo "2481"]
[TimeControl "180+1"]
[EndTime "8:18:05 PDT"]
[Termination "vovachesss won by resignation"]

1. d4 Nf6 2. c4 c5 3. d5 e6 4.
Nc3 exd5 5. cxd5 d6 6. Bf4 g6 7. e3 Nh5 8. Nf3 Nxf4 9. Qa4+ Nd7 10. Qxf4 Qf6 11. Qxf6 Nxf6 12. Nb5 Ke7 13. Nc3 Bg7 14. Nd2 a6 15. a4 b6 16. Nc4 Rb8 17. f3 Bd7 18. e4 Ne8 19. Kd2 Nc7 20. Bd3 b5 21. axb5 axb5 22. Na5 Ra8 23. Nc6+ Bxc6 24. dxc6 c4 25.
Be2 Bd4 26. Kc2 g5 27. Rhd1 Be5 28. g3 h5 29. Rxa8 Rxa8 30. Nd5+ Kd8 31. f4 gxf4 32.
gxf4 Bh8 33. Nb6 Ra2 34. Rxd6+ Ke8 35. Nd5 Rxb2+ 36. Kd1 Ne6 37. c7 Nxc7 38. Nxc7+ Ke7 39. e5 c3 40. Nd5+ Ke8 41. Nxc3 1-0

[Event "Early-Titled-Tuesday-Blitz-March-12-2024"]
[Site "Chess.com"]
[Date "2024.03.12"]
[Round "2"]
[White "RebelJohnny"]
[Black "agvega14"]
[Result "1-0"]
[WhiteElo "2510"]
[BlackElo "2208"]
[TimeControl "180+1"]
[EndTime "8:18:05 PDT"]
[Termination "RebelJohnny won on time"]

1. e4 c5 2. Nf3 a6 3. c3 Nf6 4. e5 Nd5 5. d4 cxd4 6. Bc4 Nb6 7. Bb3 d5 8. exd6 Qxd6 9. O-O Nc6 10. cxd4 e6 11.
Nc3 Nb4 12. a3 N4d5 13. Ne4 Qd8 14. Nfg5 Be7 15. Qh5 g6 16. Qf3 f5 17. h4 O-O 18. Nc5 Qd6 19. Re1 Rf6 20. Nh3 a5 21. Nf4 a4 22. Nxd5 Nxd5 23. Bxd5 exd5 24. Bf4 Qd8 25. Bg5 Rf7 26. Bxe7 Rxe7 27. Rxe7 Qxe7 28.
Qxd5+ Kg7 29. Kf1 Ra5 30. Re1 Qc7 31. Qe5+ Qxe5 32. Rxe5 b6 33. Nd3 Rxe5 34. dxe5 Be6 35. Ke2 h6 36. Ke3 g5 37. hxg5 hxg5 38. f4 g4 39. g3 Kf7 40. Kd4 Ke7 41. Kc3 Kd7 42.
Kb4 Bb3 43. Nc1 Bd1 44. Na2 Bb3 45. Nc3 1-0

[Event "Early-Titled-Tuesday-Blitz-March-12-2024"]
[Site "Chess.com"]
[Date "2024.03.12"]
[Round "2"]
[White "Hovik_Hayrapetyan"]
[Black "Ginger_GM"]
[Result "1-0"]
[WhiteElo "2845"]
[BlackElo "2570"]
[TimeControl "180+1"]
[EndTime "8:18:09 PDT"]
[Termination "Hovik_Hayrapetyan won by resignation"]

1. d4 e6 2. c4 f5 3. Nc3 Nf6 4. g3 Be7 5. Bg2 O-O 6. Nh3 d6 7. Nf4 c6 8. d5 e5 9. dxc6 bxc6 10. Nd3 Be6 11. c5 e4 12. Nf4 Bf7 13. cxd6 Bxd6 14.
h4 Qe7 15. h5 Nbd7 16. Bh3 Ng4 17. Bxg4 fxg4 18. Qc2 Nf6 19. Be3 Rab8 20. Rd1 Bc5 21. Ncd5 cxd5 22. Qxc5 Qxc5 23. Bxc5 Rfc8 24. Bd4 Ne8 25.
Kd2 Rb4 26. e3 Nd6 27. b3 Nf5 28. Rc1 Rbb8 29. Bxa7 Ra8 30. Rxc8+ Rxc8 31. Rc1 Ra8 32. Rc7 Nd6 33. a4 Ne8 34. Rb7 Nd6 35. Rb8+ Rxb8 36. Bxb8 Nb7 37. b4 Be8 38. a5 Bc6 39. Nxd5 Bxd5 40.
Kc3 Nd8 41. Kd4 Bc6 42. Kc5 Ba8 43. b5 Nb7+ 44. Kb6 Nxa5 45. Kxa5 Kf7 46. Kb6 Ke6 47. Kc7 Kf5 48. b6 Kg5 49. b7 Bxb7 50. Kxb7 Kxh5 51.
Kc6 Kg5 52. Kd5 Kf5 53. Bc7 g5 54. Bd8 h5 55. Kd4 1-0

[Event "Early-Titled-Tuesday-Blitz-March-12-2024"]
[Site "Chess.com"]
[Date "2024.03.12"]
[Round "2"]
[White "Bkmzzzzz"]
[Black "profedechess93"]
[Result "1-0"]
[WhiteElo "2404"]
[BlackElo "2624"]
[TimeControl "180+1"]
[EndTime "8:18:09 PDT"]
[Termination "Bkmzzzzz won by checkmate"]

1. e4 e6 2. Nf3 d5 3. exd5 exd5 4. d4 Bg4 5. Bd3 Nc6 6. Be3 Bd6 7. O-O Nge7 8. h3 Bh5 9. Re1 f6 10. Nbd2 Qd7 11. c3 O-O-O 12. b4 Rdg8 13. b5 Na5 14.
Nb3 Nc4 15. Bxc4 dxc4 16. Nbd2 Qxb5 17. Rb1 Qc6 18. Qe2 Bg6 19. Nxc4 Bxb1 20. Rxb1 Nd5 21. Na5 Qa6 22. Qxa6 bxa6 23. c4 Nxe3 24. fxe3 Kd7 25.
c5 Bg3 26. c6+ Kd6 27. Nd2 f5 28. Ndc4+ Kd5 29. Rb7 Rb8 30. Kf1 g5 31. Ke2 h5 32.
Kd3 g4 33. Rxa7 Rb1 34. Nb3 Rd1+ 35. Nbd2 Kxc6 36. Rxa6+ Kb7 37. Rf6 gxh3 38. gxh3 h4 39. Rxf5 Rh1 40. Nb3 Bd6 41. Nca5+ Kc8 42. e4 Rxh3+ 43.
Kc4 Rf8 44. Rh5 Rff3 45. e5 Be7 46. Nc6 Kd7 47. Kd5 Rhg3 48. Rh7 Kc8 49. Rxe7 Kb7 50.
Re8 Ka6 51. Nc5+ Kb5 52. Rb8# 1-0

[Event "Early-Titled-Tuesday-Blitz-March-12-2024"]
[Site "Chess.com"]
[Date "2024.03.12"]
[Round "2"]
[White "Rikikits"]
[Black "Triumphmate"]
[Result "1-0"]
[WhiteElo "2871"]
[BlackElo "2512"]
[TimeControl "180+1"]
[EndTime "8:18:10 PDT"]
[Termination "Rikikits won on time"]

1. d4 d5 2. Nc3 f5 3. Bf4 e6 4. e3 Bd6 5. Nf3 Nf6 6. Be2 O-O 7. O-O c5 8. dxc5 Bxc5 9. Na4 Bd6 10. c4 Bxf4 11. exf4 Nc6 12. Nc3 Kh8 13. Rc1 b6 14. cxd5 exd5 15. Bb5 Bb7 16. Bxc6 Bxc6 17. Ne5 Bb7 18.
Nb5 Ba6 19. Qa4 Bxb5 20. Qxb5 Rc8 21. Qa6 Rc7 22. g3 d4 23. Rxc7 Qxc7 24. Qd3 Qd6 25.
Rd1 g6 26. Qxd4 Qxd4 27. Rxd4 Kg7 28. Rc4 Rd8 29. Rc7+ Kg8 30. Rc2 Ne4 31. f3 Nc5 32.
Kg2 Rd1 33. b4 Nd3 34. Nxd3 Rxd3 35. Rc8+ Kf7 36. Rc7+ Kf6 37. Rxa7 h5 38. Ra6 Kg7 39. Rxb6 Rd2+ 40. Kh3 Rxa2 41. Rb7+ Kh6 42. Rb8 Rf2 43. b5 Rxf3 44. b6 Rb3 45. b7 Kg7 46. Kh4 Rb2 47. Kh3 Kh7 48. Kh4 Kg7 49. Kg5 Rb3 50. Rc8 Rxb7 51. Rc6 h4 52. Rxg6+ Kf7 53. Rh6 hxg3 54.
Rh7+ 1-0

[Event "Early-Titled-Tuesday-Blitz-March-12-2024"]
[Site "Chess.com"]
[Date "2024.03.12"]
[Round "2"]
[White "VinzentSpitzl"]
[Black "scrambleyourbrain"]
[Result "1/2-1/2"]
[WhiteElo "2569"]
[BlackElo "2372"]
[TimeControl "180+1"]
[EndTime "8:18:13 PDT"]
[Termination "Game drawn by repetition"]

1. e4 e5 2. Nf3 Nc6 3. Bb5 a6 4. Ba4 Nf6 5. O-O Be7 6. Re1 b5 7. Bb3 d6 8. c3 O-O 9. h3 Na5 10. Bc2 c5 11. d4 Qc7 12. d5 Nd7 13. a4 b4 14. Nbd2 Nb6 15. Qe2 f5 16. c4 f4 17.
b3 Bf6 18. Nh2 Qf7 19. Bd1 Kh8 20. Qd3 Bd7 21. Bg4 Bxg4 22. hxg4 g5 23. Qh3 Kg7 24. Qh5 Qxh5 25. gxh5 Kh6 26. g4 fxg3 27. fxg3 Kxh5 28. g4+ Kg6 29. Rf1 Be7 30. Rf5 h5 31. Rb1 hxg4 32.
Nxg4 Rxf5 33. exf5+ Kxf5 34. Ne3+ Kg6 35. Ne4 Rf8 36. Kg2 Nd7 37. Ng4 Nb7 38. Be3 a5 39. Rh1 Rf5 40. Rh6+ Kg7 41. Rh5 Kg6 42. Rh8 Nd8 43.
Re8 Kf7 44. Nxd6+ Bxd6 45. Rxd8 Ke7 46. Ra8 Bc7 47. Ra7 Kd6 48. Nh6 Rf6 49. Ng4 Rf5 50. Ra6+ Ke7 51. Rc6 Bd6 52. Ra6 Bc7 53. Ra7 Kd6 1/2-1/2

[Event "Early-Titled-Tuesday-Blitz-March-12-2024"]
[Site "Chess.com"]
[Date "2024.03.12"]
[Round "2"]
[White "Andrei_Skvortsov"]
[Black "Yonousomodulo"]
[Result "1-0"]
[WhiteElo "2781"]
[BlackElo "2467"]
[TimeControl "180+1"]
[EndTime "8:18:15 PDT"]
[Termination "Andrei_Skvortsov won by checkmate"]

1. e4 c6 2. d4 d5 3. e5 Bf5 4. h4 h6 5. g4 Bd7 6. h5 c5 7.
c3 Nc6 8. f4 Qa5 9. dxc5 Qxc5 10.
b4 Nxb4 11. cxb4 Qxb4+ 12. Kf2 e6 13. Kg3 Rc8 14. Nf3 Bc5 15. Ba3 Qb6 16. Bxc5 Rxc5 17. Qd4 Ne7 18. Nbd2 O-O 19. Rb1 Qc7 20. Nb3 Rc3 21.
Rh2 f6 22. Re2 Rc4 23. Qd2 fxe5 24. fxe5 Nc6 25. Rbe1 Qb6 26. Re3 Rcf4 27. Bg2 a5 28. Nbd4 Nxd4 29. Nxd4 Qxd4 30. Qxd4 Rxd4 31. Rc1 Bc6 32.
Rc5 a4 33. a3 Rff4 34. Bf3 Rc4 35. Rc3 Rxc3 36. Rxc3 Rc4 37. Rxc4 dxc4 38. Bxc6 bxc6 39. Kf4 Kf7 40. Ke3 Ke7 41. Kd4 Kd7 42. Kxc4 Kc7 43. Kc5 Kb7 44. Kd6 Kb6 45. Kxe6 c5 46. Kd5 Kb5 47. e6 c4 48. e7 c3 49. e8=Q+ Ka5 50. Qa8+ Kb6 51. Qc6+ Ka5 52. Kc5 c2 53. Qb6# 1-0

[Event "Early-Titled-Tuesday-Blitz-March-12-2024"]
[Site "Chess.com"]
[Date "2024.03.12"]
[Round "2"]
[White "mishanick"]
[Black "aa175"]
[Result "0-1"]
[WhiteElo "3090"]
[BlackElo "2726"]
[TimeControl "180+1"]
[EndTime "8:18:16 PDT"]
[Termination "aa175 won by checkmate"]

1. d4 Nf6 2. c4 g6 3. Nc3 d5 4. Bg5 Bg7 5. Bxf6 Bxf6 6. cxd5 c6 7. e4 Bg7 8. h4 cxd5 9. Bb5+ Bd7 10. Bxd7+ Qxd7 11.
e5 Nc6 12. Nf3 O-O 13. h5 Rac8 14. h6 Bh8 15. O-O Na5 16. Re1 Nc4 17. Qb3 b6 18.
Re2 Rfd8 19. Rae1 Qg4 20. Qb5 e6 21. Qa6 Qh5 22. Qxa7 Qxh6 23. Qa6 Ra8 24. Qb5 Rdc8 25. Qb3 Bg7 26. Nb5 Bf8 27. a3 Qf4 28. g3 Qf5 29.
Kg2 Be7 30. Nc3 Bf8 31. Nd1 Bxa3 32. Nh4 Qb1 33. f3 Be7 34. Nc3 Qd3 35. Rd1 Ne3+ 36. Rxe3 Qxe3 37. Qc2 Bxh4 38. gxh4 Rc4 39. Rd3 Qf4 40.
Qf2 Ra1 41. Ne2 Qf5 42. Qe3 Kg7 43. Ng3 Rc2+ 44. Rd2 Rxd2+ 45. Qxd2 Qb1 46. h5 h6 47. hxg6 Qxg6 48. Qe2 Rc1 49. Kh3 Rc2 50. Qd1 h5 51. b4 h4 52. Nh5+ Kf8 53. Nf6 Qg3# 0-1

[Event "Early-Titled-Tuesday-Blitz-March-12-2024"]
[Site "Chess.com"]
[Date "2024.03.12"]
[Round "2"]
[White "GMKrikor"]
[Black "Sadykov_Ramil"]
[Result "1-0"]
[WhiteElo "2892"]
[BlackElo "2598"]
[TimeControl "180+1"]
[EndTime "8:18:16 PDT"]
[Termination "GMKrikor won by resignation"]

1. Nf3 Nf6 2. c4 e6 3. Nc3 d5 4.
d4 Be7 5. cxd5 exd5 6. Bf4 c6 7.
h3 Bf5 8. e3 Nbd7 9. Nh4 Bg6 10.
Nxg6 hxg6 11. Bd3 Nb6 12. O-O O-O 13. Qf3 Nc8 14. Rad1 Nd6 15. Rfe1 Re8 16. Be5 Bf8 17. a3 Nfe4 18. Bxe4 Nxe4 19. Nxe4 dxe4 20. Qe2 Qd5 21.
Bf4 a5 22. Rc1 a4 23. Rc3 Ra5 24.
Rec1 Rb5 25. Qc2 Ra8 26. Rc4 f5 27. Rxa4 Rxa4 28. Qxa4 Rxb2 29. Qa8 Ra2 30. Qxb7 Bxa3 31. Be5 Qf7 32. Qxf7+ Kxf7 33. Rxc6 Bb4 34. Rc7+ Ke6 35. Rxg7 Be1 36. Rxg6+ Kd5 37. Bg3 f4 38. exf4 Kxd4 39. Rd6+ Kc4 40. Rd1 Bd2 41. f5 e3 42. fxe3 Bxe3+ 43.
Kh2 Bd4 44. Bf4 Rc2 45. Rc1 Rxc1 46. Bxc1 Kd5 47. g4 Ke4 48. Kg2 Be5 49. h4 Bf6 50. Kh3 Be7 51. h5 Bf6 52. g5 Kxf5 53. gxf6 Kxf6 54. Kg4 Kf7 55. Kg5 Kg7 56. h6+ Kh7 57. Kh5 1-0

[Event "Early-Titled-Tuesday-Blitz-March-12-2024"]
[Site "Chess.com"]
[Date "2024.03.12"]
[Round "2"]
[White "jumpingknight20"]
[Black "PLAYER_2006_M"]
[Result "0-1"]
[WhiteElo "2680"]
[BlackElo "2997"]
[TimeControl "180+1"]
[EndTime "8:18:18 PDT"]
[Termination "PLAYER_2006_M won by resignation"]

1. e4 e5 2. Nf3 Nf6 3. Nxe5 d6 4. Nf3 Nxe4 5. d4 d5 6. Bd3 Bd6 7. O-O O-O 8. c4 c6 9. Nc3 Nxc3 10. bxc3 dxc4 11.
Bxc4 Bf5 12. Bg5 Qa5 13. Qd2 Nd7 14. h3 Rfe8 15. Bb3 Be4 16. Nh2 Nb6 17. c4 Qxd2 18. Bxd2 c5 19. Be3 cxd4 20. Bxd4 Rac8 21. Rfe1 Kf8 22.
f3 Bc6 23. c5 Rxe1+ 24. Rxe1 Bxh2+ 25. Kxh2 Nd7 26. h4 a6 27. h5 h6 28. Kg3 Nf6 29. Kh4 Rd8 30. Be5 Ne8 31. Rd1 Rxd1 32. Bxd1 Ke7 33. Bb3 f6 34. Bf4 Bd7 35. g4 Be6 36.
Ba4 Bxa2 37. Kg3 Bd5 38. Kf2 Bc6 39. Bb3 Kd7 40. Ke3 Nc7 41. Bd6 Bd5 42. Ba4+ b5 43.
cxb6+ Kxd6 44. bxc7 Kxc7 45. f4 Kd6 46. Bd1 Kc5 47. Kd3 a5 48. Kc3 Bc6 49. Bc2 a4 50. Bf5 Bd5 51. Kb2 Kb4 52. Bg6 a3+ 53. Ka1 Kc3 54.
Bf5 Kd4 55. Kb1 Ke3 56. g5 fxg5 57. fxg5 hxg5 58. Kc2 Kf4 59. Bd3 Be4 60. Kc3 Bxd3 61. Kxd3 a2 62. h6 gxh6 0-1

[Event "Early-Titled-Tuesday-Blitz-March-12-2024"]
[Site "Chess.com"]
[Date "2024.03.12"]
[Round "2"]
[White "littlepinkyboy"]
[Black "Zohid6"]
[Result "1-0"]
[WhiteElo "2639"]
[BlackElo "2901"]
[TimeControl "180+1"]
[EndTime "8:18:18 PDT"]
[Termination "littlepinkyboy won by resignation"]

1. e4 e5 2. Nf3 Nf6 3. Nxe5 d6 4. Nf3 Nxe4 5. d4 d5 6. Bd3 Bd6 7. O-O O-O 8. Nc3 Nxc3 9. bxc3 Nc6 10. c4 dxc4 11.
Bxc4 Bg4 12. c3 Qf6 13. Be2 Rfe8 14. Re1 h6 15. Be3 Ne7 16. h3 Bh5 17. Nd2 Bxe2 18. Qxe2 Nd5 19. Qd3 Rad8 20. Rad1 c6 21. c4 Nxe3 22.
fxe3 Bb8 23. Nf3 c5 24. d5 Re7 25. e4 Rde8 26. d6 Rd7 27. e5 Qe6 28. Qd5 b6 29. Re4 Qxd5 30. Rxd5 f6 31. e6 Rxd6 32. Nh4 Kh7 33.
Nf5 Rdxe6 34. Rxe6 Rxe6 35. Rd7 Kg6 36. Nxg7 Bg3 37. Nxe6 Kf5 38. Nd8 Ke4 39. Nc6 a5 40. Rb7 Kd3 41. Rxb6 Kxc4 42. Nxa5+ Kd3 43. Rc6 Be5 44.
Kf1 Bd4 45. Ke1 Bc3+ 46. Kd1 Bb4 47. Nb7 c4 48. Nc5+ Kd4 49. Na4 Kd3 50. Nb2+ Ke3 51. Nxc4+ Kf2 52. Rxf6+ Kxg2 53. Rxh6 Kf3 54. Rb6 1-0

[Event "Early-Titled-Tuesday-Blitz-March-12-2024"]
[Site "Chess.com"]
[Date "2024.03.12"]
[Round "2"]
[White "Oleksandr_Bortnyk"]
[Black "Aygehovit1992"]
[Result "0-1"]
[WhiteElo "3002"]
[BlackElo "2710"]
[TimeControl "180+1"]
[EndTime "8:18:19 PDT"]
[Termination "Aygehovit1992 won on time"]

1. e4 c5 2. c3 d5 3. exd5 Qxd5 4. d4 Nf6 5. Be3 Bg4 6. Nf3 Bxf3 7. gxf3 cxd4 8.
cxd4 e6 9. Nc3 Bb4 10. Rg1 g6 11. Qa4+ Nc6 12. Rg5 Qd7 13. Bb5 Bxc3+ 14. bxc3 Nd5 15. c4 Nxe3 16. fxe3 O-O 17. f4 Rfc8 18. Rb1 a6 19.
Bxc6 Rxc6 20. c5 h6 21. Rg2 Qd5 22. Kf2 Qe4 23. Rb2 Rxc5 24. Qd1 Rc3 25. Qf3 Qxf3+ 26. Kxf3 b5 27. a4 bxa4 28. Rb4 a3 29. Ra2 a5 30.
Ra4 Kg7 31. h4 h5 32. Ke2 Rb3 33. R2xa3 Rxa3 34. Rxa3 a4 35. e4 f6 36. Kd3 g5 37.
fxg5 fxg5 38. hxg5 Kg6 39. d5 exd5 40. exd5 Kxg5 41.
Ke4 Kf6 42. Kd4 h4 43. Kc5 Ke7 44. Kc6 Ra6+ 45. Kb7 Ra5 46. Kc6 Kd8 47. Kd6 Ra6+ 48. Kc5 Kc7 49. Rc3 a3 50. Kb5+ Kb7 51. d6 a2 0-1

[Event "Early-Titled-Tuesday-Blitz-March-12-2024"]
[Site "Chess.com"]
[Date "2024.03.12"]
[Round "2"]
[White "Firouzja2003"]
[Black "Yan_Dyomin2010"]
[Result "1-0"]
[WhiteElo "3140"]
[BlackElo "2720"]
[TimeControl "180+1"]
[EndTime "8:18:20 PDT"]
[Termination "Firouzja2003 won by resignation"]

1. Nf3 Nf6 2. g3 g6 3. Bg2 Bg7 4. O-O O-O 5. d3 c5 6. Nbd2 Nc6 7. e4 d6 8. a4 Rb8 9. Re1 a6 10. c3 Bg4 11. h3 Bxf3 12. Nxf3 Nd7 13. d4 cxd4 14.
cxd4 e5 15. d5 Nd4 16. Be3 Qb6 17. h4 Rfc8 18. Bh3 Rc7 19. h5 Qb4 20. h6 Bh8 21. Ng5 Nc5 22. Rc1 Bf6 23. Kg2 Qxb2 24. Nf3 Qb3 25.
Nxd4 Qxd1 26. Rexd1 exd4 27. Bxd4 Bxd4 28. Rxd4 Kf8 29.
a5 b5 30. axb6 Rxb6 31. e5 Ke7 32. e6 fxe6 33. dxe6 a5 34. Rf4 Nxe6 35. Re1 d5 36. Re5 Rc4 37. Rf3 a4 38. Rxd5 Rb3 39. Re5 Rc6 40.
Rf4 a3 41. Rfe4 Rbb6 42. Ra4 Ra6 43. Rea5 Rxa5 44. Rxa5 Ng5 45. Rxg5 Ra6 46. Re5+ Kd6 47. Re1 a2 48. Ra1 Kc5 49. Bd7 Kb4 50. Be8 Ra7 51.
Bc6 Ra5 52. Bd7 Ra6 53. Bc8 Ra7 54. Be6 g5 55. Rxa2 Re7 1-0

[Event "Early-Titled-Tuesday-Blitz-March-12-2024"]
[Site "Chess.com"]
[Date "2024.03.12"]
[Round "2"]
[White "jk13"]
[Black "FormerProdigy"]
[Result "0-1"]
[WhiteElo "2660"]
[BlackElo "2977"]
[TimeControl "180+1"]
[EndTime "8:18:21 PDT"]
[Termination "FormerProdigy won by resignation"]

1. e4 c6 2. Nc3 d5 3. Nf3 Bg4 4. h3 Bh5 5. Be2 e6 6. Ne5 Bxe2 7. Qxe2 Nd7 8. Nxd7 Qxd7 9. O-O d4 10. Nb1 d3 11.
cxd3 Rd8 12. Nc3 Qxd3 13. Qxd3 Rxd3 14. Re1 Bc5 15. Kf1 Nf6 16. Ke2 Rd7 17. d3 O-O 18. Be3 Bd4 19. Rac1 Rfd8 20. Red1 e5 21. Na4 Re7 22. b4 h6 23. Nc5 Kf8 24. Nb3 Bxe3 25. Kxe3 Rd6 26. f3 Nh5 27. Rd2 g5 28. d4 Nf4 29. g3 exd4+ 30. Rxd4 Rxd4 31. Nxd4 Nd5+ 32. Kf2 Nxb4 33. Ke2 Rd7 34. Nf5 Nxa2 35. Rc4 a5 36.
Nxh6 f6 37. Nf5 Nb4 38. h4 gxh4 39. gxh4 b5 40. Rc1 a4 41. h5 a3 42. h6 a2 43.
Ra1 Kg8 44. Rg1+ Kh7 45. Ra1 c5 46. f4 Ra7 47. Kd2 Ra3 48. e5 fxe5 49. fxe5 Rd3+ 50. Kc1 Rd5 51. Nd6 c4 52. Nf7 c3 53. e6 Rh5 54. Kd1 Rh1+ 55. Ke2 Rxa1 56. e7 Re1+ 57. Kxe1 a1=Q+ 58. Ke2 Qa2+ 0-1